 Dungeon Crawl Stone Soup version 0.28.0 (webtiles) character file.

Game seed: 17026381260520619832

33 ProzacElf the Slasher (level 3, 29/29 HPs)
             Began as a Demonspawn Monk on Feb 15, 2022.
             Was an Initiate of Ashenzari.
             Quit the game on level 1 of the Dungeon.
             The game lasted 00:01:37 (1655 turns).

ProzacElf the Slasher (Demonspawn Monk)             Turns: 1655, Time: 00:01:38

Health: 29/29      AC:  3    Str: 13    XL:     3   Next: 12%
Magic:  3/3        EV: 13    Int: 11    God:    Ashenzari [......]
Gold:   57         SH:  4    Dex: 15    Spells: 2/2 levels left

rFire   . . .      SeeInvis .   a - +0 falchion
rCold   . . .      Faith    .   (no shield)
rNeg    . . .      Spirit   .   b - +0 robe
rPois   .          Reflect  .   (no helmet)
rElec   .          Harm     .   d - +0 cloak
rCorr   .          Rampage  .   (no gloves)
Will    .....                   (no boots)
Stlth   ++........              (no amulet)
HPRegen 0.09/turn               (no ring)
MPRegen 0.08/turn               (no ring)

@: no status effects
A: condensation shield
a: Renounce Religion, Curse Item


You were on level 1 of the Dungeon.
You worshipped Ashenzari.
Ashenzari was noncommittal.
You visited 1 branch of the dungeon, and saw 1 of its levels.

You collected 57 gold pieces.

Inventory:

Hand Weapons
 a - a +0 falchion (weapon)
Missiles
 c - 95 stones (quivered)
Armour
 b - a +0 robe (worn)
 d - a +0 cloak (worn)
Scrolls
 e - a scroll of noise {unknown}


   Skills:
 - Level 3.0 Fighting
 + Level 3.6 Long Blades
 - Level 3.0 Dodging
 - Level 2.0 Stealth


You had 2 spell levels left.
You didn't know any spells.
Your spell library was empty.

Dungeon Overview and Level Annotations

Branches:
Dungeon (1/15)

Altars:
Ashenzari


Innate Abilities, Weirdness & Mutations

A meltable shield of frost defends you. (SH +4)


Message History

Ye kill tha bat!
Nay target in view!
Nay target in view!
Nay target in view!
Nay target in view!
e - a scroll labelled TAKL'N CU NOCE A dart slug comes inta view.
Health restored: 29 Tha dart slug launches a dart at ye.
Tha slug dart hits ye.
Ye take 5 damage, an' haf 24/29 hp.
Tha dart slug launches a dart at ye.
Tha slug dart misses ye.
Tha dart slug launches a dart at ye.
Tha slug dart hits ye.
Ye take 5 damage, an' haf 20/29 hp.
Tha dart slug launches a dart at ye.
Tha slug dart hits ye.
Ye take 3 damage, an' haf 17/29 hp.
Ye slash tha dart slug!
Tha dart slug be severely wounded.
Tha dart slug launches a dart at ye.
Tha slug dart misses ye.
Ye slash tha dart slug!
Ye kill tha dart slug!
Nay target in view!
Ye start restin'.
HP restored.
Health restored: 29 Ye see 'ere a dart slug corpse.
Ye see 'ere a quokka skeleton.
Found a stone staircase leadin' down.
Found a faded altar o' an unknown god.
Thar be a faded altar o' an unknown god 'ere.
Ye cannae tell which god 'tis altar belongs ta.
Convert ta 'em anyway?
Ashenzari accepts yer prayer!
Ashenzari welcomes ye!
Ashenzari invites ye ta partake o' a vision an' a curse o' introspection an' melee combat.
Ashenzari warns ye o' distant threats an' treasures.
Ashenzari reveals tha structure o' tha dungeon ta ye.
Ashenzari shows ye where magical portals lie.
Be ye sure ye want ta abandon 'tis character an' quit tha game? (Confirm wit' "aye".)

#.##########...#
#............#.#
#..#########...#
#..# ##.##
####>.# #.#
......# #.#
####.## #.# ##
#.# #.# .###.#
#@# ..##.# #.#
...######## #.#
..........# #.#
#......##.## ..#
#..........# .##
#########.## .
.# ##.## #. .#
###.#.#


There were no monsters in sight!

Vanquished Creatures
  A dart slug (D:1)
  3 ball pythons (D:1)
  An endoplasm (D:1)
  4 giant cockroaches (D:1)
  A goblin (D:1)
  4 hobgoblins (D:1)
  5 quokkas (D:1)
  3 bats (D:1)
  A frilled lizard (D:1)
  2 kobolds (D:1)
  A rat (D:1)
26 creatures vanquished.

Notes
Turn   | Place    | Note
-------+----------+-------------------------------------------
     0 | D:1      | ProzacElf the Demonspawn Monk began the quest for the Orb.
     0 | D:1      | Reached XP level 1. HP: 18/18 MP: 1/1
   559 | D:1      | Gained mutation: A meltable shield of frost defends you.
                  | (SH +4) [demonic ancestry]
   559 | D:1      | Reached XP level 2. HP: 9/24 MP: 2/2
  1292 | D:1      | Reached XP level 3. HP: 26/29 MP: 3/3
  1646 | D:1      | Found a faded altar of an unknown god.
  1654 | D:1      | Prayed at the altar of an unknown god.
  1654 | D:1      | Became a worshipper of Ashenzari the Shackled
  1655 | D:1      | Quit the game

Illustrated notes

Levels and vault maps discovered:
D:1:      dpeg_arrival_circle_labyrinth_c, layout_loops_ring,
          basic_ecumenical_altar, minivault_14, minmay_misc_feat_x,
          minmay_vboxes

Skill      XL: |  1  2 |
---------------+-------+-----
Stealth        | 2 |  2.0
Long Blades    | 3 |  3.6
Dodging        | 3 |  3.0
Fighting       | |  3.0

Action                   || total
-------------------------++-------
Melee: Falchion          ||    82
 Stab: Sleeping          ||     3
       Distracted        ||     1
Armor: Robe              ||    18
Dodge: Dodged            ||    62
Block: Other             ||    15
